 Dungeon Crawl Stone Soup version 0.31-a0-675-g238779eb0a (webtiles) character file.

Game seed: 7402511733326338324

665 HoaS the Skirmisher (level 7, -5/50 HPs)
             Began as a Formicid Hunter on Sept 5, 2023.
             Was an Initiate of Gozag.
             Slain by an ice beast (10 damage)
             ... on level 6 of the Dungeon.
             The game lasted 00:12:44 (4005 turns).

HoaS the Skirmisher (Formicid Hunter)               Turns: 4005, Time: 00:12:44

Health: -5/50      AC:  6    Str: 16    XL:     7   Next: 87%
Magic:  0/7        EV: 12    Int:  8    God:    Gozag
Gold:   244        SH:  0    Dex: 19    Spells: 6/6 levels left

rFire   . . .        a - +2 shortbow (freeze)
rCold   . . .        (no shield)
rNeg    . . .        c - +0 leather armour
rPois   .            (helmet unavailable)
rElec   .            (no cloak)
rCorr   .            (no gloves)
SInv    +            f - +2 pair of boots
Will    .....        k - amulet of guardian spirit
Stlth   ++           (no ring)
HPRegen 0.28/turn    (no ring)
MPRegen 0.10/turn

%: guardian spirit
@: no status effects
A: permanent stasis, dig shafts and tunnels, antennae 3, four strong arms
a: Dig, Shaft Self, Renounce Religion, Potion Petition, Call Merchant, Bribe
Branch


You were on level 6 of the Dungeon.
You worshipped Gozag.
Gozag was aware of your devotion.
You visited 2 branches of the dungeon, and saw 7 of its levels.

You collected 386 gold pieces.
You spent 82 gold pieces at shops.
You paid 60 gold pieces to Gozag.

Inventory:

Hand Weapons
 a - a +2 shortbow of freezing (weapon)
Armour
 c - a +0 leather armour (worn)
 f - a +2 pair of boots (worn)
 j - a +0 ring mail
Jewellery
 k - an amulet of guardian spirit (around neck)
Wands
 i - a wand of iceblast (8)
 m - a wand of mindburst (12)
Scrolls
 b - a scroll of butterflies
 h - a scroll of vulnerability
 n - 2 scrolls of fog
 p - a scroll of enchant armour
Potions
 d - a potion of resistance
 e - a potion of mutation
 g - 5 potions of curing
 l - a potion of enlightenment
 o - a potion of invisibility {unknown}
 q - a potion of attraction {unknown}


   Skills:
 - Level 2.1 Fighting
 + Level 9.0 Ranged Weapons
 - Level 1.7 Dodging
 - Level 1.2 Stealth


You had 6 spell levels left.
You didn't know any spells.
Your spell library contained the following spells:

 Spells                   Type           Power      Damage    Failure   Level
 Ensorcelled Hibernation  Hex/Ice        0%         N/A       63%         2
 Gell's Gravitas          Tloc           0%         N/A       85%         3
 Teleport Other           Tloc           0%         N/A       85%         3
 Anguish                  Hex/Necr       0%         N/A       99%         4
 Cause Fear               Hex            0%         N/A       99%         4
 Passage of Golubria      Tloc           0%         N/A       99%         4
 Fireball                 Conj/Fire      0%         3d3       100%        5
 Silence                  Hex/Air        0%         N/A       100%        5
 Dispersal                Tloc           0%         N/A       100%        6
 Lehudib's Crystal Spear  Conj/Erth      0%         10d2      100%        8
 Dragon's Call            Summ           0%         N/A       100%        9


Dungeon Overview and Level Annotations

Branches:
Dungeon (6/15)             Temple (1/1) D:4

Altars:
Ashenzari
Cheibriados
Dithmenos
Elyvilon
Fedhas
Gozag
Hepliaklqana
Makhleb
Nemelex Xobeh
Okawaru
Qazlal
Ru
Sif Muna
Trog
Uskayaw
Vehumet
Wu Jian
Xom
Yredelemnul
Zin

Shops:
D:2 ?=?

Annotations:
D:4 Duvessa


Innate Abilities, Weirdness & Mutations

You cannot be hasted, slowed, berserked, paralysed or teleported.
You can dig through walls and to a lower floor.
You have a pair of large antennae on your head. (SInv)
Your four strong arms can wield two-handed weapons with a shield.


Message History

You shoot an arrow. The arrow hits the ice beast.
The ice beast is moderately wounded.
You shoot an arrow. The arrow barely misses the ice beast.
The ice beast hits you. The ice beast freezes you!
You shoot an arrow.
The arrow hits the ice beast but does no damage.
The ice beast is moderately wounded.
The ice beast barely misses you.
You shoot an arrow. The arrow barely misses the ice beast.
The ice beast closely misses you.
You shoot an arrow. The arrow barely misses the ice beast.
You shoot an arrow. The arrow barely misses the ice beast.
The ice beast misses you.
You shoot an arrow. The arrow hits the ice beast.
The ice beast is heavily wounded.
The ice beast hits you but does no damage.
You shoot an arrow. The arrow hits the ice beast.
The ice beast is heavily wounded.
The ice beast hits you. The ice beast freezes you.
You shoot an arrow. The arrow barely misses the ice beast.
The ice beast hits you. The ice beast freezes you.
You shoot an arrow.
The arrow hits the ice beast but does no damage.
The ice beast is heavily wounded.
The ice beast hits you. The ice beast freezes you!
You shoot an arrow.
The arrow hits the ice beast but does no damage.
The ice beast is heavily wounded.
The ice beast hits you. The ice beast freezes you!
* * * LOW HITPOINT WARNING * * *
You shoot an arrow. The arrow hits the ice beast.
The ice beast is heavily wounded.
The ice beast hits you but does no damage.
You shoot an arrow. The arrow hits the ice beast.
The ice beast is severely wounded.
The ice beast hits you.
* * * LOW HITPOINT WARNING * * *
The ice beast freezes you!
You die...
Your body crumbles into a pile of gold.

### ## ##..# ####. #....
######...# #...
#####........#
#####..######.............
........Y@.............#.#
...........#.............#
.....######.............##
.### #.............#
#.............#
#............##
#...(........#
.............#
..........^#


You could see an ice beast.

Vanquished Creatures
  A wyvern (D:5)
  2 scorpions (D:5)
  A hound (D:5)
  An orc priest (D:4)
  6 iguanas
  An orc wizard (D:4)
  A sleepcap (D:5)
  3 adders (D:5)
  2 ufetubi (D:5)
  A worm (D:5)
  11 orcs (D:4)
  6 ball pythons
  3 bats
  6 endoplasms
  2 giant cockroaches (D:2)
  5 goblins
  5 hobgoblins
  4 jackals (D:5)
  7 kobolds
  2 quokkas
  2 frilled lizards
  7 rats
79 creatures vanquished.

Notes
Turn   | Place    | Note
-------+----------+-------------------------------------------
     0 | D:1      | HoaS the Formicid Hunter began the quest for the Orb.
     0 | D:1      | Reached XP level 1. HP: 16/16 MP: 1/1
   177 | D:1      | Reached XP level 2. HP: 22/22 MP: 2/2
   384 | D:1      | Found a faded altar of an unknown god.
   586 | D:2      | Reached XP level 3. HP: 27/27 MP: 3/3
   626 | D:2      | Found Voshied's Jewellery Boutique.
   647 | D:2      | Reached skill level 5 in Ranged Weapons
   678 | D:2      | Found Litenal's Magic Scroll Shop.
   885 | D:2      | Found Xass's Magic Scroll Boutique.
  1194 | D:2      | Bought a scroll of enchant weapon for 82 gold pieces
  1262 | D:3      | Found the +3 pair of seven-league boots {Rampage+∞}
  1959 | D:4      | Reached XP level 4. HP: 19/33 MP: 4/4
  2059 | D:4      | Found a staircase to the Ecumenical Temple.
  2088 | Temple   | Entered the Ecumenical Temple
  2157 | D:4      | Reached skill level 6 in Ranged Weapons
  2157 | D:4      | Reached XP level 5. HP: 38/38 MP: 5/5
  2427 | Temple   | Became a worshipper of Gozag Ym Sagoz the Greedy
  2783 | D:4      | Noticed Duvessa
  2797 | D:5      | Entered Level 5 of the Dungeon
  2807 | D:5      | Reached XP level 6. HP: 30/44 MP: 4/6
  2814 | D:5      | Reached skill level 7 in Ranged Weapons
  2941 | D:5      | Noticed a wyvern
  2950 | D:5      | Killed a wyvern
  2951 | D:5      | Reached XP level 7. HP: 4/50 MP: 0/7
  3217 | D:5      | Reached skill level 8 in Ranged Weapons
  3753 | D:5      | Found a sacrificial altar of Ru.
  3920 | D:6      | Reached skill level 9 in Ranged Weapons
  4005 | D:6      | Slain by an ice beast

Illustrated notes

Levels and vault maps discovered:
D:1:      scummos_arrival_gate, layout_basic,
          hellmonk_ecumenical_altar_crossroads
D:2:      layout_rooms, serial_shops, nicolae_shop_stone, shop, shop
D:3:      layout_basic, minmay_ruptured
D:4:      layout_basic, minmay_temple_entry_arrows, uniq_duvessa
D:5:      layout_loops_ring, mainiacjoe_overflow_alcove_4
D:6:      layout_cave_pods
Temple:   compressed_dpeg_triangle_lava_temple

Skill      XL: |  1  2  3  4  5  6  7 |
---------------+----------------------+-----
Ranged Weapons | 5 6 7 9 |  9.0
Fighting       | |  2.1
Dodging        | |  1.7
Stealth        | |  1.2

Action                     |  1- 3 |  4- 6 |  7- 9 || total
---------------------------+-------+-------+-------++-------
   Fire: Shortbow          |    83 |    79 |    65 ||   227
    Use: Scroll            |    15 |       |     2 ||    17
 Armour: Leather armour    |     5 |    33 |    21 ||    59
  Dodge: Dodged            |     8 |    48 |    10 ||    66

Table legend: (Time is in decaauts)
 A = Elapsed time spent in this place.
 B = Non-inter-level travel time spent in this place.
 C = Inter-level travel time spent in this place.
 D = Time resting spent in this place.
 E = Time spent auto-exploring this place.
 F = Levels seen in this place.
 G = Mean time per level.
                   A        B        C        D        E       F      G
               +--------+--------+--------+--------+--------+-----+--------+
         Total |   4033 |   3721 |    312 |    763 |   2397 |   7 |  576.1 |
       Dungeon |   3965 |   3707 |    258 |    763 |   2397 |   6 |  660.8 |
        Temple |     68 |     14 |     54 |      0 |      0 |   1 |   68.0 |
               +--------+--------+--------+--------+--------+-----+--------+

Top non-repeatable levels by time:
     D:5: 1109 daAuts
     D:3: 869 daAuts
     D:4: 825 daAuts
     D:1: 560 daAuts
     D:2: 498 daAuts
     D:6: 102 daAuts
  Temple: 68 daAuts
